 Dungeon Crawl Stone Soup version 0.28.0-1-gb440e238dd (webtiles) character file.

Game seed: 15200936580187849494

31 themarg the Conjurer (level 3, -7/19 HPs)
             Began as a Tengu Conjurer on Feb 22, 2022.
             Mangled by a worm (9 damage)
             ... on level 2 of the Dungeon.
             The game lasted 00:03:15 (970 turns).

themarg the Conjurer (Tengu Conjurer)                Turns: 970, Time: 00:03:16

Health: -7/19      AC:  3    Str:  7    XL:     3   Next: 22%
Magic:  5/7        EV: 12    Int: 26    God:
Gold:   36         SH:  0    Dex: 12    Spells: 3/6 levels left

rFire   . . .      SeeInvis .   f - +1 dagger (vamp)
rCold   . . .      Faith    .   (no shield)
rNeg    . . .      Spirit   .   a - +0 robe
rPois   .          Reflect  .   (helmet restricted)
rElec   .          Harm     .   (no cloak)
rCorr   .          Rampage  .   h - +0 pair of gloves
Will    .....                   (boots unavailable)
Stlth   ++........              (no amulet)
HPRegen 0.06/turn               i - +6 ring of intelligence
MPRegen 0.10/turn               (no ring)

@: no status effects
A: beak, talons 3
a: no special abilities


You were on level 2 of the Dungeon.
You visited 1 branch of the dungeon, and saw 2 of its levels.

You collected 36 gold pieces.

Inventory:

Hand Weapons
 f - a +1 vampiric dagger (weapon)
Missiles
 j - 16 stones
Armour
 a - a +0 robe (worn)
 h - a +0 pair of gloves (worn)
Jewellery
 i - a +6 ring of intelligence (left hand)
Scrolls
 b - a scroll of enchant weapon {unknown}
 c - a scroll of identify {unknown}
 d - a scroll of vulnerability {unknown}
 e - 3 scrolls of immolation {unknown}
Potions
 g - 2 potions of berserk rage {unknown}


   Skills:
 + Level 2.3 Dodging
 + Level 2.2 Stealth
 + Level 2.3 Spellcasting
 + Level 6.2 Conjurations


You had 3 spell levels left.
You knew the following spells:

 Your Spells              Type           Power      Damage    Failure   Level
a - Magic Dart            Conj           100%       1d8       1%          1
b - Searing Ray           Conj           70%        2d7       1%          2

Your spell library contained the following spells:

 Spells                   Type           Power      Damage    Failure   Level
 Dazzling Flash           Conj/Hex       38%        N/A       9%          3
 Fulminant Prism          Conj/Hex       9%         3d7       28%         4
 Iskenderun's Mystic Bla  Conj/Tloc      19%        2d6       28%         4


Dungeon Overview and Level Annotations

Branches:
Dungeon (2/15)

Altars:


Innate Abilities, Weirdness & Mutations

You have a beak for a mouth.
You have claws for feet.


Message History

You climb downwards.
There is a stone staircase leading up here.
Casting: Magic Dart (safe; 1% risk of failure)
Confirm with . or Enter, or press ? or * to list all spells.
Aiming: Magic Dart (safe; 1% risk of failure)
Press: ? - help, Shift-Dir - straight line, f - worm
Aim: a worm (asleep, 100% to hit)
The magic dart hits the worm!
The worm is moderately wounded.
Casting: Magic Dart (safe; 1% risk of failure)
Confirm with . or Enter, or press ? or * to list all spells.
Aiming: Magic Dart (safe; 1% risk of failure)
Press: ? - help, Shift-Dir - straight line, f/p - worm
Aim: a worm (moderately wounded, 100% to hit)
The magic dart hits the worm but does no damage.
The worm is moderately wounded.
You hit the worm but do no damage.
The worm is moderately wounded.
You hit the worm but do no damage. You claw the worm, but do no damage.
You peck the worm.
The worm is heavily wounded.
The adder hisses angrily.
The worm bites you!
You barely miss the worm. You claw the worm.
The worm is severely wounded.
You hit the worm but do no damage. You peck the worm, but do no damage.
The worm is severely wounded.
The worm bites you.
You hit the worm but do no damage. You claw the worm.
The worm is almost dead.
The adder closely misses you. The adder bites you but does no damage.
The worm barely misses you.
You barely miss the worm. You peck the worm, but do no damage.
The worm is almost dead.
The adder bites you.
* * * LOW HITPOINT WARNING * * *
The adder bites you.
* * * LOW HITPOINT WARNING * * *
The worm bites you!
You die...

#...# .
... #
#...#
.#.##^...
......#.#
........#
.#....S.#
......w@#
.##.....#
#.....#
...######
##


You could see a worm and an adder.

Vanquished Creatures
  2 dart slugs (D:1)
  An endoplasm (D:1)
  A giant cockroach (D:1)
  2 goblins (D:1)
  3 hobgoblins (D:1)
  3 jackals (D:1)
  A quokka (D:1)
  A ball python (D:1)
  7 bats (D:1)
  3 frilled lizards (D:1)
  A kobold (D:1)
  2 rats (D:1)
27 creatures vanquished.

Notes
Turn   | Place    | Note
-------+----------+-------------------------------------------
     0 | D:1      | themarg the Tengu Conjurer began the quest for the Orb.
     0 | D:1      | Reached XP level 1. HP: 10/10 MP: 4/4
   254 | D:1      | Reached XP level 2. HP: 15/15 MP: 4/6
   257 | D:1      | Learned a level 2 spell: Searing Ray
   553 | D:1      | Reached skill level 6 in Conjurations
   636 | D:1      | Reached XP level 3. HP: 19/19 MP: 3/7
   970 | D:2      | Mangled by a worm

Illustrated notes

Levels and vault maps discovered:
D:1:      lightli_iron_boxes, layout_rooms
D:2:      minmay_alternating_diamond, layout_loops_cross,
          ebering_ecumenical_altar_rust, grunt_decor_cap, minmay_misc_feat_room,
          hangedman_abyss_or_decor_stabs

Skill      XL: |  1  2 |
---------------+-------+-----
Conjurations   | 6 |  6.2
Dodging        | |  2.3
Stealth        | |  2.2
Spellcasting   | |  2.3

Action                   || total
-------------------------++-------
Melee: Dagger            ||    17
       Kick              ||     6
       Peck              ||     6
 Cast: Magic Dart        ||    39
Armor: Robe              ||     6
Dodge: Dodged            ||     8
